 Dungeon Crawl Stone Soup version 0.31.0-32-g396128a36d (webtiles) character file.

Game seed: 16988540219669628693

59 Logoto the Trooper (level 3, 0/34 HPs)
             Began as a Minotaur Berserker on Apr 10, 2024.
             Was a Believer of Trog.
             Slain by Robin
             ... wielding a +0 spear
              (3 damage)
             ... on level 2 of the Dungeon.
             The game lasted 00:04:16 (1716 turns).

Logoto the Trooper (Minotaur Berserker)             Turns: 1716, Time: 00:04:16

Health: 0/34       AC:  2    Str: 23    XL:     3   Next: 78%
Magic:  2/2        EV: 12    Int:  4    God:    Trog [**....]
Gold:   91         SH:  0    Dex:  9    Spells: 2/2 levels left

rFire   . . .        a - +0 hand axe
rCold   . . .        (no shield)
rNeg    . . .        b - +0 animal skin
rPois   .            (helmet restricted)
rElec   .            (no cloak)
rCorr   .            (no gloves)
SInv    .            (no boots)
Will    .....        (no amulet)
Stlth   +            (no ring)
HPRegen 0.25/turn    (no ring)
MPRegen 0.08/turn

%: no passive effects
@: on berserk cooldown
A: horns 2, retaliatory headbutt
a: Renounce Religion, Berserk, Trog's Hand


You were on level 2 of the Dungeon.
You worshipped Trog.
Trog was pleased with you.
You visited 1 branch of the dungeon, and saw 2 of its levels.

You collected 91 gold pieces.

Inventory:

Hand Weapons
 a - a +0 hand axe (weapon)
Armour
 b - a +0 animal skin (worn)
Jewellery
 e - a +4 ring of protection
 h - a +5 ring of evasion
Scrolls
 c - a scroll of immolation {unknown}
 d - a scroll of identify {unknown}
 g - a scroll of vulnerability {unknown}
Potions
 f - a potion of cancellation
 i - 2 potions of attraction {unknown}
 j - a potion of lignification {unknown}


   Skills:
 * Level 4.6 Fighting
 * Level 4.5 Axes
 * Level 2.8 Armour
 + Level 2.5 Dodging


You had 2 spell levels left.
You didn't know any spells.
Your spell library was empty.

Dungeon Overview and Level Annotations

Branches:
Dungeon (2/15)

Altars:

Shops:
D:1 *

Annotations:
D:2 Jessica, Robin


Innate Abilities, Weirdness & Mutations

You have a pair of horns on your head.
You reflexively headbutt those who attack you in melee.


Message History

You are exhausted.
You feel yourself slow down. Robin hits you with a +0 spear.
Jessica closely misses you. You furiously retaliate!
You headbutt Jessica.
Items here: ))) †.
You closely miss Jessica.
Jessica is moderately wounded.
You barely miss Robin. Robin hits you but does no damage.
Jessica hits you with a +0 dagger.
You hit Jessica but do no damage.
Jessica is moderately wounded.
You hit Robin.
Robin's horned helmet rattles.
Robin hits you but does no damage.
A frilled lizard comes into view.
Jessica hits you with a +0 dagger.
* * * LOW HITPOINT WARNING * * *
Jessica misses you. Robin misses you.
It was a potion of cancellation.
Your magical effects are unravelling.
You feel magically purged.
You feel yourself speed up. Robin hits you but does no damage.
Jessica hits you with a +0 dagger.
* * * LOW HITPOINT WARNING * * *
You hit Jessica but do no damage.
Jessica is moderately wounded.
You hit Robin. Robin misses you. Jessica hits you with a +0 dagger.
* * * LOW HITPOINT WARNING * * *
You closely miss Jessica.
Jessica is moderately wounded.
You hit Robin but do no damage. Robin closely misses you. Jessica misses you.
You closely miss Jessica. You headbutt Jessica.
Jessica is almost dead.
You hit Robin but do no damage. Robin hits you with a +0 spear.
* * * LOW HITPOINT WARNING * * *
Jessica closely misses you.
You hit Jessica but do no damage.
Jessica is almost dead.
You hit Robin. Robin hits you with a +0 spear.
You die...
Robin says, "And that's why I'm the boss."

#....##........>.....
####.# ..............
#.# ..............
#.# ..............
#.# #)# #.# #$# #@#
......g@# ...!...l#
......... ....$....
.......... ........<.
....#..####


You could see Robin, Jessica and a frilled lizard.

Vanquished Creatures
  2 dart slugs
  3 bats
  5 endoplasms
  2 giant cockroaches (D:1)
  5 hobgoblins
  3 jackals (D:1)
  2 ball pythons (D:1)
  2 frilled lizards
  16 goblins
  2 kobolds (D:1)
  5 rats
47 creatures vanquished.

Notes
Turn   | Place    | Note
-------+----------+-------------------------------------------
     0 | D:1      | Logoto the Minotaur Berserker began the quest for the Orb.
     0 | D:1      | Reached XP level 1. HP: 19/19 MP: 0/0
    31 | D:1      | Found Bulajy Elae's General Store.
   104 | D:1      | Reached XP level 2. HP: 27/27 MP: 1/1
   899 | D:1      | Reached XP level 3. HP: 29/33 MP: 2/2
  1263 | D:1      | Reached ** piety under Trog
  1689 | D:2      | Noticed Robin
  1693 | D:2      | Noticed Jessica
  1716 | D:2      | Slain by Robin

Illustrated notes

Levels and vault maps discovered:
D:1:      roderic_crossed_star, layout_basic, serial_shops, shop
D:2:      layout_rooms, serial_shops, nicolae_shop_advertising_works
          [nicolae_subvault_shop_adworks], minmay_quantized, uniq_robin,
          uniq_jessica

Skill      XL: |  1  2 |
---------------+-------+-----
Axes           | 4 |  4.5
Fighting       | 4 |  4.6
Armour         | |  2.8
Dodging        | |  2.5

Action                     || total
---------------------------++-------
  Melee: Hand axe          ||    93
         Headbutt          ||    14
 Invoke: Berserk           ||     2
    Use: Potion            ||     1
 Armour: Animal skin       ||    70
  Dodge: Dodged            ||    51
